 Dungeon Crawl Stone Soup version 0.31-a0-1603-gbec6b6ccbf (webtiles) character file.

Game seed: 5257631679284507300

14223 jasper the Grappler (level 11, -8/117 HPs)
             Began as a Troll Cinder Acolyte on Jan 7, 2024.
             Was a Priest of Ignis.
             Mangled by a two-headed ogre
             ... wielding a +0 giant spiked club
              (13 damage)
             ... on level 10 of the Dungeon.
             The game lasted 00:15:45 (8480 turns).

jasper the Grappler (Troll Cinder Acolyte)          Turns: 8480, Time: 00:15:45

Health: -8/117     AC: 17    Str: 32    XL:     11   Next: 85%
Magic:  11/11      EV: 11    Int: 10    God:    Ignis [***...]
Gold:   457        SH:  0    Dex:  7    Spells: 10/12 levels left

rFire   + .          .
                       - Unarmed
rCold   . . .        (no shield)
rNeg    . . .        M - +0 acid dragon scales
rPois   .            (helmet restricted)
rElec   .            b - +1 cloak
rCorr   +            (gloves unavailable)
SInv    .            (boots unavailable)
Will    .....        (no amulet)
Stlth   +            y - +6 ring of strength
HPRegen 1.19/turn    (no ring)
MPRegen 0.12/turn

%: no passive effects
@: fiery-armoured
A: large, unfitting armour, claws 3, regeneration 1, shaggy fur 1, tough skin 1
a: Renounce Religion, Fiery Armour, Foxfire Swarm


You were on level 10 of the Dungeon.
You worshipped Ignis.
Ignis was most pleased with you.
You visited 1 branch of the dungeon, and saw 10 of its levels.
You also visited: Ossuary.

You collected 637 gold pieces.
You spent 180 gold pieces at shops.

Inventory:

Hand Weapons
 c - a +3 vampiric dagger
Missiles
 f - 97 stones (quivered)
 l - 3 throwing nets
 o - 8 boomerangs
 L - 2 javelins
Armour
 a - a +0 robe
 b - a +1 cloak (worn)
 z - a +2 robe of cold resistance
 B - +0 steam dragon scales
 C - +0 fire dragon scales
 K - the +1 animal skin "Eshysaoska" {Str+5}
   (You found it on level 9 of the Dungeon)

   Str+5:     It affects your strength (+5).
 M - +0 acid dragon scales (worn)
Jewellery
 y - a +6 ring of strength (left claw)
 G - an amulet of regeneration
Talismans
 q - a maw talisman
Wands
 x - a wand of flame (46)
 I - a wand of mindburst (9)
 J - a wand of iceblast (6)
Scrolls
 n - 7 scrolls of teleportation
 p - 2 scrolls of fear
 t - a scroll of poison
 D - 2 scrolls of fog
 E - a scroll of vulnerability
 F - a scroll of revelation
 N - a scroll of identify
Potions
 d - 6 potions of brilliance
 e - a potion of curing
 g - 2 potions of haste
 h - 2 potions of lignification
 i - a potion of resistance {unknown}
 j - a potion of berserk rage
 k - 5 potions of mutation {unknown}
 m - 9 potions of degeneration
 r - 2 potions of attraction {unknown}
 s - 4 potions of might {unknown}
 u - a potion of cancellation {unknown}
 v - a potion of heal wounds {unknown}
 w - a potion of enlightenment {unknown}
 A - a potion of magic {unknown}


   Skills:
 - Level 10.0 Fighting
 - Level 8.0 Dodging
 - Level 10.0 Unarmed Combat
 - Level 1.0 Spellcasting
 - Level 2.1 Fire Magic
 + Level 7.6 Shapeshifting


You had 10 spell levels left.
You knew the following spells:

 Your Spells              Type           Power      Damage    Failure   Level
a - Blink                 Tloc           0%         N/A       52%         2

Your spell library contained the following spells:

 Spells                   Type           Power      Damage    Failure   Level
 Scorch                   Fire           8%         2d5       26%         2
 Magic Dart               Conj           0%         1d3       38%         1
 Call Imp                 Summ           0%         N/A       52%         2
 Jinxbite                 Hex            0%         N/A       52%         2
 Lesser Beckoning         Tloc           0%         N/A       52%         2
 Momentum Strike          Conj/Tloc      0%         3d8       52%         2
 Alistair's Intoxication  Alch           0%         N/A       100%        5
 Borgnjor's Vile Clutch   Necr/Erth      0%         N/A       100%        5
 Yara's Violent Unravell  Hex/Alch       0%         3d3       100%        5
 Eringya's Noxious Bog    Alch           0%         4d6       100%        6
 Enfeeble                 Hex            0%         N/A       100%        7


Dungeon Overview and Level Annotations

Branches:
Dungeon (10/15)            Temple (0/1) D:4             Orc (0/2) D:9
Ossuary (visited)
   Lair: D:8-11

Altars:
Ashenzari
Fedhas
Makhleb
Nemelex Xobeh
Sif Muna
Trog
Xom
Zin

Shops:
D:7 :


Innate Abilities, Weirdness & Mutations

You are too large for most types of armour.
You have claws for hands.
Your natural rate of healing is unusually fast.
You are covered in fur. (AC +1)
You have tough skin. (AC +1)


Message History

The boomerang closely misses the two-headed ogre.
Throw: 8 boomerangs
Press: ? - help, Shift-Dir - straight line, f/p - two-headed ogre
Aim: a two-headed ogre, wielding a +0 giant spiked club and a +0 giant club (72% to hit)
You throw a boomerang. The boomerang hits the two-headed ogre.
The two-headed ogre is lightly wounded.
You regained 2 hp, and now have 38/117 hp.
Aiming: Iceblast
Press: ? - help, Shift-Dir - straight line, f/p - two-headed ogre
Aim: a two-headed ogre, wielding a +0 giant spiked club and a +0 giant club (lightly wounded)
The mass of ice explodes!
The iceblast engulfs the two-headed ogre.
The two-headed ogre is lightly wounded.
You hear a shout!
You hear a horrible gurgling sound! x2
Aiming: Iceblast
Press: ? - help, Shift-Dir - straight line, f/p - two-headed ogre
Aim: a two-headed ogre, wielding a +0 giant spiked club and a +0 giant club (lightly wounded)
The mass of ice explodes!
The iceblast engulfs the two-headed ogre!
The two-headed ogre is moderately wounded.
A protective cloak of flame settles atop you.
You claw the two-headed ogre!
The two-headed ogre is heavily wounded.
The two-headed ogre hits you with a +0 giant spiked club!
* * * LOW HITPOINT WARNING * * *
The two-headed ogre is burned by your cloak of flames.
The two-headed ogre is heavily wounded.
The two-headed ogre hits you with a +0 giant club.
* * * LOW HITPOINT WARNING * * *
The two-headed ogre is burned by your cloak of flames.
The two-headed ogre is severely wounded.
You take 11 damage, and have 30/117 hp.
You barely miss the two-headed ogre.
The two-headed ogre is severely wounded.
The two-headed ogre hits you with a +0 giant spiked club!!
* * * LOW HITPOINT WARNING * * *
The two-headed ogre is burned by your cloak of flames.
The two-headed ogre is severely wounded.
The two-headed ogre hits you with a +0 giant club!
You die...

###################
#.................
#.................
#.@# #.##.#..# #.O#
#..#.##.# #..#
#.#..##.# #..#
#..#.#..+ #..#
#.#...#.# #..#
#.##..#.#
#..###+###.#.#.#.##
#..(..)†O..#####...
#..:##?###...##)##.


You could see a two-headed ogre.

Vanquished Creatures
  Erica (D:7)
  A tengu warrior (D:9)
  2 two-headed ogres
  Pikel (D:6)
  A meliai (D:10)
  Joseph (D:8)
  Jeremiah (D:7)
  A kobold demonologist (D:9)
  Maggie (D:7)
  2 trolls
  A hornet (D:10)
  A blink frog (shapeshifter) (D:9)
  Sigmund (D:2)
  A shadow (D:10)
  28 yaks
  A basilisk (D:9)
  An acid dragon (D:10)
  Duvessa (D:5)
  A swamp drake (D:9)
  5 ice beasts
  5 black bears
  4 orc warriors
  A sky beast (D:6)
  An ogre (D:5)
  5 centaurs
  2 phantoms
  2 wolves (D:10)
  Blork the orc (D:5)
  3 bullfrogs
  2 kobold brigands (D:8)
  2 scorpions
  A gnoll sergeant (D:7)
  Dowan (D:5)
  5 killer bees
  A howler monkey (D:5)
  3 bombardier beetles
  3 centaur zombies (Ossuary)
  4 hounds
  Crazy Yiuf (D:5)
  4 orc priests
  A gnoll bouda (D:6)
  2 jellies (D:5)
  5 iguanas
  2 sleepcaps (D:6)
  8 orc wizards
  2 ogre zombies (Ossuary)
  7 mummies (Ossuary)
  15 gnolls
  5 adders
  A shadow imp (D:7)
  A white imp (D:6)
  4 adder zombies (Ossuary)
  2 dart slugs
  3 ribbon worms
  34 orcs
  9 bats
  7 endoplasms
  4 giant cockroaches
  13 goblins
  15 hobgoblins
  9 jackals
  17 kobolds
  7 quokkas
  10 ball pythons
  4 frilled lizards
  3 goblin zombies (Ossuary)
  2 hobgoblin zombies (Ossuary)
  3 kobold zombies (Ossuary)
  7 quokka zombies (Ossuary)
  5 rats
  6 rat zombies (Ossuary)
317 creatures vanquished.

Notes
Turn   | Place    | Note
-------+----------+-------------------------------------------
     0 | D:1      | jasper the Troll Cinder Acolyte began the quest for the
                  | Orb.
     0 | D:1      | Reached XP level 1. HP: 22/22 MP: 1/1
    89 | D:1      | Found a large runed translucent door.
    89 | D:1      | Found a large runed translucent door.
   124 | D:1      | Reached XP level 2. HP: 29/29 MP: 2/2
   219 | D:1      | Reached XP level 3. HP: 36/36 MP: 3/3
   289 | D:1      | Reached skill level 1 in Dodging
   920 | D:2      | Reached XP level 4. HP: 25/44 MP: 4/4
  1188 | D:2      | Noticed Sigmund
  1202 | D:2      | Killed Sigmund
  1203 | D:2      | Reached skill level 5 in Unarmed Combat
  1203 | D:2      | Reached XP level 5. HP: 40/53 MP: 5/5
  1216 | D:2      | Found a glowing silver altar of Zin.
  1739 | D:3      | Reached XP level 6. HP: 61/61 MP: 6/6
  2477 | D:4      | Reached XP level 7. HP: 67/68 MP: 7/7
  2639 | D:4      | Found a staircase to the Ecumenical Temple.
  2646 | D:4      | Found a blossoming altar of Fedhas.
  2650 | D:4      | Found a shimmering blue altar of Sif Muna.
  2650 | D:4      | Found a bloodstained altar of Trog.
  2650 | D:4      | Found a glowing silver altar of Zin.
  2885 | D:5      | Entered Level 5 of the Dungeon
  2888 | D:5      | Noticed Blork the orc
  2898 | D:5      | Killed Blork the orc
  2927 | D:5      | Noticed Duvessa
  2932 | D:5      | Noticed Dowan
  2944 | D:5      | Reached XP level 8. HP: 42/79 MP: 8/8
  2945 | D:5      | Killed Duvessa
  2946 | D:5      | Killed Dowan
  3042 | D:5      | Found a sand-covered staircase.
  3052 | Ossuary  | Entered an ossuary
  3194 | Ossuary  | Reached skill level 5 in Fighting
  3830 | D:5      | Found a runed translucent door.
  3831 | D:5      | Noticed Crazy Yiuf
  3959 | D:5      | Killed Crazy Yiuf
  4132 | D:6      | Reached XP level 9. HP: 88/88 MP: 9/9
  4544 | D:6      | Noticed Pikel
  4558 | D:6      | Killed Pikel
  4559 | D:6      | Reached skill level 5 in Dodging
  4835 | D:6      | Reached skill level 10 in Unarmed Combat
  4913 | D:7      | Noticed Jeremiah
  4987 | D:7      | Noticed Maggie
  5005 | D:8      | Noticed Erica
  5010 | D:8      | Noticed Joseph
  5055 | D:7      | Killed Maggie
  5278 | D:7      | Found Xoukur's Book Shoppe.
  5311 | D:7      | Bought a book of Spatial Translocations for 180 gold pieces
  5314 | D:7      | Learned a level 2 spell: Blink
  5784 | D:7      | Killed Jeremiah
  5785 | D:7      | Reached XP level 10. HP: 55/91 MP: 10/10
  5898 | D:8      | Noticed a two-headed ogre
  6072 | D:7      | Killed Erica
  6443 | D:8      | Killed a two-headed ogre
  6465 | D:8      | Killed Joseph
  6466 | D:8      | Reached XP level 11. HP: 109/115 MP: 11/11
  6792 | D:8      | Found a shimmering altar of Xom.
  6793 | D:8      | Found a sparkling altar of Nemelex Xobeh.
  6881 | D:9      | Noticed a two-headed ogre
  6884 | D:9      | Killed a two-headed ogre
  6905 | D:9      | Reached skill level 10 in Fighting
  6923 | D:9      | Reached skill level 1 in Shapeshifting
  7023 | D:9      | Noticed a soul eater
  7089 | D:9      | Noticed a tengu warrior
  7105 | D:9      | Killed a tengu warrior
  7523 | D:9      | Identified the +1 animal skin "Eshysaoska" {Str+5}
  7563 | D:9      | Found a staircase to the Orcish Mines.
  7713 | D:9      | Reached skill level 5 in Shapeshifting
  7773 | D:9      | Found a broken altar of Ashenzari.
  7844 | D:9      | Found a burning altar of Makhleb.
  8300 | D:10     | Entered Level 10 of the Dungeon
  8461 | D:10     | Noticed a two-headed ogre
  8480 | D:10     | HP: 5/117 [two-headed ogre/+0 giant spiked club (26)]
  8480 | D:10     | Mangled by a two-headed ogre

Illustrated notes

Levels and vault maps discovered:
D:1:      erik_arrival_cave_to_civilisation [erik_arrival_cave_to_temple],
          layout_basic, dreamdust_princess_corridor
D:2:      layout_basic, basic_altar, minmay_octomino_e4, uniq_sigmund
D:3:      layout_loops_ring
D:4:      layout_basic, grunt_temple_overflow_open, temple_pool_b
D:5:      layout_cave_pools, mainiacjoe_ossuary_entry_dusty_tomb, st_stairs_11,
          uniq_blork_the_orc, uniq_duvessa, uniq_crazy_yiuf_cottage
D:6:      layout_loops_ring, uniq_pikel
D:7:      layout_loops_ring, serial_shops, nicolae_shop_waterfront, uniq_maggie,
          uniq_jeremiah
D:8:      layout_cave_pools, gammafunk_temple_overflow_statue, uniq_joseph,
          uniq_erica
D:9:      minmay_evil_eye, layout_long_grid, mainiacjoe_overflow_alcove_2,
          mainiacjoe_overflow_chevrons, erik_orc_1, minmay_misc_feat_roman,
          wad_mini_maze
D:10:     layout_roguey, hellmonk_lair_entry_icy, serial_shops, shop,
          minmay_shattered_shrine

Skill      XL: |  1  2  3  4  5  6  7  8  9 10 11 |
---------------+----------------------------------+-----
Dodging        | 1 2 3 4 6 8 |  8.0
Unarmed Combat | 4 5 6 7 8 10 | 10.0
Fighting       | 3 4 5 7 9 10 | 10.0
Shapeshifting  | 7 |  7.6
Spellcasting   | |  1.0
Fire Magic     | |  2.1

Action                     |  1- 3 |  4- 6 |  7- 9 | 10-12 || total
---------------------------+-------+-------+-------+-------++-------
  Melee: Unarmed           |   122 |   109 |   341 |   293 ||   865
         Punch             |     1 |     2 |    15 |     4 ||    22
  Throw: Boomerang         |       |       |       |     2 ||     2
         Dart              |       |       |       |     1 ||     1
 Invoke: Fiery Armour      |       |     1 |     2 |     4 ||     7
         Rising Flame      |       |       |     1 |       ||     1
  Evoke: Wand              |       |       |     4 |     2 ||     6
    Use: Scroll            |       |     6 |     7 |     1 ||    14
         Potion            |       |       |       |     2 ||     2
 Armour: Robe              |   110 |    74 |   154 |       ||   338
         Steam dragon scal |       |       |    26 |   255 ||   281
         Acid dragon scale |       |       |       |    14 ||    14
         Fire dragon scale |       |       |       |    12 ||    12
  Dodge: Dodged            |    67 |    50 |   115 |   165 ||   397

Table legend: (Time is in decaauts)
 A = Elapsed time spent in this place.
 B = Non-inter-level travel time spent in this place.
 C = Inter-level travel time spent in this place.
 D = Time resting spent in this place.
 E = Time spent auto-exploring this place.
 F = Levels seen in this place.
 G = Mean time per level.
                   A        B        C        D        E       F      G
               +--------+--------+--------+--------+--------+-----+--------+
         Total |   8398 |   8018 |    380 |    561 |   5185 |  11 |  763.5 |
       Dungeon |   7977 |   7597 |    380 |    561 |   4955 |  10 |  797.7 |
       Ossuary |    421 |    421 |      0 |      0 |    230 |   1 |  421.0 |
               +--------+--------+--------+--------+--------+-----+--------+

Top non-repeatable levels by time:
     D:9: 1442 daAuts
     D:7: 1386 daAuts
     D:6: 945 daAuts
     D:2: 812 daAuts
     D:1: 731 daAuts
     D:3: 699 daAuts
     D:5: 675 daAuts
     D:4: 617 daAuts
     D:8: 496 daAuts
 Ossuary: 421 daAuts
    D:10: 170 daAuts
